 Dungeon Crawl Stone Soup version 0.21-a0-264-g3e31e41 (webtiles) character file.

551174 Chiseanne the Bewitcher (level 25, -1/115 HPs)
             Began as a Spriggan Wanderer on Sept 8, 2017.
             Was an Initiate of Gozag.
             Slain by an azure jelly (8 damage)
             ... created by the Royal Jelly
             ... on level 5 of the Pits of Slime on Sept 10, 2017.
             The game lasted 08:35:11 (98887 turns).

Chiseanne the Bewitcher (Spriggan Wanderer)        Turns: 98887, Time: 08:35:12

Health: -1/115     AC: 16    Str: 20 (21) XL:     25   Next: 5%
Magic:  39/39      EV: 41    Int: 19      God:    Gozag
Gold:   2373       SH: 23    Dex: 25      Spells: 1/56 levels left

rFire    + + .     SeeInvis +   a - +7 rapier of Ucecegod {protect, Dex+6}
rCold    + + .     Gourm    .   N - +3 buckler {rN+}
rNeg     + + .     Faith    .   C - +5 faerie dragon scales {rPois rCorr}
rPois    +         Spirit   .   p - +3 crown of Dyrovepreva {rElec Int+2 SInv}
rElec    +         Reflect  +   j - scarf {rC+ rF+}
rCorr    +         Harm     .   (gloves unavailable)
MR       ++++.                  (boots unavailable)
Stlth    +++++++...             L - brooch of Shielding {Reflect SH+8}
HPRegen  0.29/turn              K - ring of Unai {rPois rF+ rN+ Str+3 Int+4 Slay+3}
MPRegen  0.26/turn              x - ring "Faemmoj" {rC+ EV+5 Str+8 Int-3}

@: corroded, gold aura, protection aura, berserk cooldown, slowed, quick
A: unfitting armour, see invisible, deterioration 2, dopey 2, herbivore 3, speed
3, frail 1, low mp 1, mutation resistance 1, screaming 1, slow metabolism 2,
wild magic 1
}: 3/15 runes: decaying, serpentine, silver
a: Potion Petition, Call Merchant, Bribe Branch, Renounce Religion


You were on level 5 of the Pits of Slime.
You worshipped Gozag.
Gozag was most pleased with you.
You were not hungry.

You visited 11 branches of the dungeon, and saw 53 of its levels.
You visited 3 bazaars.
You visited 1 ziggurat, and saw 6 of its levels.
You also visited: Bailey and Ice Cave.

You collected 32897 gold pieces.
You spent 13126 gold pieces at shops.
You paid 17398 gold pieces to Gozag.

Inventory:

Hand Weapons
 a - the +7 rapier of Ucecegod (weapon) {protect, Dex+6}
   (You found it on level 3 of the Lair of Beasts)

   It protects the one who uses it against injury (+AC on strike).
   It affects your dexterity (+6).
 d - the +6 dagger of Wural {flame, rF+ MP+9}
   (You bought it in a shop on level 1 of the Elven Halls)

   It has been specially enchanted to burn those struck by it, causing extra
   injury to most foes and up to half again as much damage against particularly
   susceptible opponents.
   It protects you from fire.
   It affects your magic capacity (+9).
 e - a +6 blowgun
 f - the +7 Spriggan's Knife {MR+ EV+4 Dex+4 Stlth+}
   (You bought it in a shop on level 15 of the Dungeon)

   It affects your evasion (+4).
   It affects your dexterity (+4).
   It affects your resistance to hostile enchantments.
   It makes you more stealthy.
 s - the +4 rapier "Toanlua" {speed, rElec rPois}
   (You found it on level 14 of the Dungeon)

   Attacks with this weapon are significantly faster.
   It insulates you from electricity.
   It protects you from poison.
 w - the +6 hunting sling of the Magi {venom, rElec rF+}
   (You bought it in a shop on level 2 of the Orcish Mines)

   It poisons the ammo it fires.
   It protects you from fire.
   It insulates you from electricity.
 z - the +5 dagger of Deehoquh {holy, rElec Str-5 Int+6}
   (You took it off a deep elf demonologist on level 5 of the Vaults)

   It has been blessed by the Shining One to cause great damage to the undead
   and demons.
   It affects your strength (-5).
   It affects your intelligence (+6).
   It insulates you from electricity.
Missiles
 k - 289 sling bullets
 u - 17 tomahawks
 B - 33 tomahawks of returning (quivered)
 F - a throwing net {!*}
 Z - 9 curare-tipped needles
Armour
 j - a scarf of resistance (worn)
 p - the +3 crown of Dyrovepreva (worn) {rElec Int+2 SInv}
   (You bought it in a shop in a bazaar)

   It affects your intelligence (+2).
   It insulates you from electricity.
   It lets you see invisible.
 C - the +5 faerie dragon scales (worn) {rPois rCorr}
   (You took it off the Enchantress on level 2 of the Depths)

   It protects you from poison.
   It protects you from acid and corrosion.
 N - a +3 buckler of positive energy (worn)
Jewellery
 x - the ring "Faemmoj" (right hand) {rC+ EV+5 Str+8 Int-3}
   (You bought it in a shop on level 10 of the Dungeon)

   [ring of evasion]

   It affects your evasion (+5).
   It affects your strength (+8).
   It affects your intelligence (-3).
   It protects you from cold.
 K - the ring of Unai (left hand) {rPois rF+ rN+ Str+3 Int+4 Slay+3}
   (You found it on level 6 of a ziggurat)

   [ring of positive energy]

   It affects your strength (+3).
   It affects your intelligence (+4).
   It affects your accuracy and damage with ranged weapons and melee attacks
   (+3).
   It protects you from fire.
   It protects you from poison.
   It protects you from negative energy.
 L - the brooch of Shielding (around neck) {Reflect SH+8}
   (You found it on level 5 of a ziggurat)

   [amulet of reflection]

   It shields you and reflects attacks.
   It affects your SH (+8).
 Y - an uncursed ring of flight
Wands
 q - a wand of digging (14/24)
Scrolls
 c - 3 scrolls of fear
 g - 16 scrolls of remove curse
 i - 17 scrolls of teleportation
 n - 10 scrolls of fog
 t - 8 scrolls of magic mapping
 y - 6 scrolls of immolation
 E - 2 scrolls of silence
 Q - a scroll of holy word
 R - 2 scrolls of blinking
 W - 16 scrolls of identify
Potions
 b - 2 potions of resistance
 h - 2 potions of berserk rage
 l - 2 potions of brilliance
 m - 21 potions of curing
 D - a potion of heal wounds
 T - 9 potions of flight
 V - 9 potions of cancellation
Books
 o - a book of Burglary

   Spells                             Type                      Level
   a - Swiftness                      Charms/Air                   2
   b - Passwall                       Transmutation/Earth          2
   c - Passage of Golubria            Translocation                4
   d - Lee's Rapid Deconstruction     Earth                        5
   e - Darkness                       Hexes                        6
   f - Invisibility                   Hexes                        6
 A - a book of the Sky

   Spells                             Type                      Level
   a - Summon Lightning Spire         Summoning/Air                4
   b - Silence                        Hexes/Air                    5
   c - Deflect Missiles               Charms/Air                   6
   d - Conjure Ball Lightning         Conjuration/Air              6
   e - Tornado                        Air                          9
Miscellaneous
 M - a lamp of fire (inert)
 P - a lightning rod (1/4)
 U - a phial of floods
Comestibles
 r - 28 bread rations


   Skills:
 - Level 12.0 Fighting
 - Level 10.3 Short Blades
   Level 4.0 Polearms
   Level 2.4 Bows
 - Level 10.8 Throwing
 - Level 12.9 Armour
 - Level 17.7 Dodging
 * Level 18.0 Stealth
 * Level 15.2 Shields
 - Level 16.1 Spellcasting
 - Level 6.4 Conjurations
 * Level 18.1 Hexes
 - Level 8.8 Charms
 - Level 6.0 Necromancy
 - Level 10.1 Translocations
 - Level 6.0 Fire Magic
 - Level 5.0 Air Magic
 - Level 13.1 Poison Magic
 - Level 10.0 Evocations


You had one spell level left.
You knew the following spells:

 Your Spells              Type           Power        Failure   Level  Hunger
a - Sting                 Conj/Pois      ####         1%          1    None
b - Confuse               Hex            #######.     1%          3    None
c - Tukima's Dance        Hex            #######.     1%          3    None
d - Mephitic Cloud        Conj/Pois/Air  ######..     1%          3    None
e - Ensorcelled Hibernat  Hex/Ice        ######       1%          2    None
f - Dazzling Spray        Conj/Hex       ######       1%          3    None
g - Poisonous Vapours     Pois/Air       ######       1%          2    None
h - Apportation           Tloc           ######       1%          1    None
i - Conjure Flame         Conj/Fire      ######..     2%          3    None
j - Regeneration          Chrm/Necr      ######....   1%          3    None
k - Cause Fear            Hex            #######...   1%          4    None
l - Inner Flame           Hex/Fire       ######..     1%          3    None
m - Silence               Hex/Air        ######....   2%          5    ###....
n - Fulminant Prism       Conj/Hex       ######....   1%          4    None
o - Olgreb's Toxic Radia  Pois           ######..     1%          4    None
p - Ignite Poison         Fire/Tmut/Pois ######..     2%          3    None
q - Controlled Blink      Tloc           N/A          99%         8    #######


Dungeon Overview and Level Annotations

Branches:
Dungeon (15/15)            Temple (1/1) D:4            Lair (6/6) D:9
  Swamp (4/4) Lair:2        Snake (4/4) Lair:3        Slime (5/5) Lair:6
    Orc (2/2) D:10            Elf (3/3) Orc:2        Vaults (5/5) D:14
  Crypt (3/3) Vaults:2       Tomb (0/3) Crypt:3      Depths (5/5) D:15
    Zot (0/5) Depths:5

Altars:
Ashenzari
Cheibriados
Dithmenos
Elyvilon
Fedhas
Gozag
Hepliaklqana
Kikubaaqudgha
Makhleb
Nemelex Xobeh
Okawaru
Qazlal
Ru
Sif Muna
Trog
Uskayaw
Vehumet
Wu Jian
Xom
Yredelemnul
Zin
The Shining One
Jiyva
Lugonu

Shops:
D:4 :   D:6 [   D:8 }(   D:10 *   D:14 [   D:15 ([[[[!(=(   Orc:1 *
Orc:2 *%[(   Elf:1 ([*}(   Elf:3 :   Snake:4 !%==   Vaults:1 ?   Vaults:2 *

Portals:
Hell: Depths:1 Depths:2 Depths:3 Depths:4 Depths:5
Abyss: Depths:1 Depths:4 Depths:5
Pandemonium: Depths:1 Depths:2 Depths:3 Depths:5
Trove: D:11 (give 6 scrolls of blinking)

Annotations:
D:5 Promi's ghost, amateur GnWn
D:6 exclusion: oklob plant, Raykoid666's ghost, novice DsWn
Lair:5 exclusion: oklob plant
Swamp:3 exclusion: downstairs
Swamp:4 Bai Suzhen
Snake:1 Asterion
Snake:4 dricus's ghost, adept MfBe
Slime:2 exclusion: upstairs
Slime:3 exclusion: upstairs
Elf:2 3 runed doors
Crypt:3 exclusion: upstairs
Depths:3 1 transporter


Innate Abilities, Weirdness & Mutations

You are very small and have problems with some larger weapons.
You are too small for most types of armour.
You have supernaturally acute eyesight. (SInv)
You are a herbivore.
You cover ground extremely quickly.
You need consume almost no food.
Your body often deteriorates upon taking damage.
You are very dopey. (Int -4)
You are frail. (-10% HP)
Your magical capacity is low. (-10% MP)
You are somewhat resistant to further mutation.
You occasionally shout uncontrollably at your foes.
Your spells are a little harder to cast, but a little more powerful.


Message History

You are exhausted.
You feel yourself slow down. The acid blob spits acid at you.
The splash of acid hits you!
You are splashed with acid!
The acid burns!
You resist.
* * * LOW HITPOINT WARNING * * *
You block the acid blob's attack. You block the death ooze's attack.
The death ooze completely misses you.
The azure jelly hits you but does no damage.
The azure jelly misses you. The azure jelly barely misses you.
The azure jelly completely misses you. You block the azure jelly's attack.
The azure jelly misses you. The azure jelly completely misses you.
The azure jelly misses you. The azure jelly hits you.
* * * LOW HITPOINT WARNING * * *
The azure jelly freezes you! You resist.
* * * LOW HITPOINT WARNING * * *
Your body deteriorates!
You feel weakened. You block the azure jelly's attack.
The azure jelly hits you!
You die...
Your body crumbles into a pile of gold.

### ###.###### ##....##..### ###
##.....J...#.# #..#
##.....JJJ....##### ###
##..####....JJJ@JJ.......##..##
##....#......JJJJJJ............##
#.............JJJJJ.............#
..............JJJ...............#
................................#
.................................
.................................
.................................
.................................


You could see 6 acid blobs, 7 azure jellies, a slime creature and 9 death oozes.

Vanquished Creatures
  Dissolution (Slime:3)
  the Royal Jelly (Slime:5)
  2 ancient liches
  Boris (Vaults:4)
  3 golden dragons
  Nikola (Elf:1)
  the Enchantress (Depths:2)
  8 liches
  Rupert (Lair:6)
  4 titans
  A deep elf blademaster (Elf:2)
  2 deep elf master archers (Elf:3)
  14 acid blobs
  An ancient champion (Crypt:3)
  7 sphinxes
  3 shadow dragons
  Agnes (D:15)
  4 tengu reavers
  4 storm dragons
  2 nagarajas (Snake:4)
  11 azure jellies
  7 fire giants
  12 vault wardens
  9 deep elf sorcerers
  5 frost giants
  2 iron dragons
  Louise (Depths:1)
  A balrug (Depths:3)
  4 deep elf elementalists
  A draconian stormcaller (Depths:5)
  Aizul (Snake:1)
  2 orc warlords
  3 spriggan defenders (Depths:2)
  16 ironheart preservers
  2 ghouls
  21 very ugly things
  5 vampire knights
  7 deep elf demonologists
  21 stone giants
  12 deep elf annihilators
  Nessos (D:12)
  2 spark wasps (Depths:4)
  A purple draconian (Depths:5)
  Azrael (Elf:1)
  A yellow draconian (Depths:5)
  2 red draconians (Depths:5)
  6 ettins
  The ghost of Musica the Bludgeoner, a journeyman MiFi of the Shining One (Orc:2)
  Josephine (D:14)
  12 death oozes
  9 deep elf death magi
  An eidolon (Crypt:3)
  Snorg (D:11)
  The ghost of Chiseanne the Unseen, a journeyman SpWn of Gozag (Orc:2)
  A mummy priest (Zig:4)
  2 jiangshi (Crypt:3)
  5 fire dragons
  9 great orbs of eyes
  11 yaktaur captains
  16 ogre magi
  5 deep elf high priests (Elf:3)
  A hell beast (Depths:1)
  10 ice dragons
  Erolcha (D:9)
  12 naga warriors
  A quicksilver dragon skeleton (Crypt:1)
  36 vault guards
  6 rakshasas
  10 hydras
  5 catoblepae
  3 spriggan air magi
  15 anacondas
  Harold (D:12)
  2 ghost crabs
  15 centaur warriors
  An alligator (shapeshifter) (Depths:4)
  2 alligators
  45 two-headed ogres
  5 tengu warriors
  2 deep troll shamans
  3 vampire magi
  7 death yaks (Lair:6)
  9 deep troll earth magi
  2 shock serpents (shapeshifter)
  7 spriggan berserkers
  6 shock serpents
  The ghost of Tabu the Eclecticist, a journeyman DEWz of Vehumet (D:11)
  11 naga sharpshooters
  3 orc high priests (Orc:2)
  2 iron trolls
  Sonja (D:13)
  3 sun demons
  A storm dragon zombie (Vaults:1)
  17 deep elf knights
  Nergalle (Orc:1)
  4 titan skeletons
  3 shadow wraiths (Crypt:3)
  A salamander mystic (Snake:3)
  A fire crab (shapeshifter) (Depths:4)
  13 hell knights
  5 unseen horrors
  A spriggan druid (Swamp:3)
  9 skeletal warriors
  A shambling mangrove (Swamp:3)
  20 deep trolls
  3 glowing orange brains
  8 flayed ghosts
  2 wizards
  9 naga ritualists
  3 swamp dragons
  9 deep elf archers
  A shadow dragon zombie (Vaults:3)
  8 phantasmal warriors
  8 ironbrand convokers
  60 deep elf magi
  A wolf spider zombie (D:13)
  A fire giant zombie (Crypt:3)
  10 necromancers
  18 mana vipers
  5 harpies (Vaults:3)
  9 orc sorcerers
  2 wolf spiders
  3 stone giant zombies (Crypt:1)
  15 orc knights
  8 shining eyes
  A frost giant zombie (Vaults:1)
  An iron dragon zombie (Crypt:3)
  5 manticores
  An oklob plant (Snake:2)
  A shadow dragon skeleton (Crypt:1)
  3 salamanders
  8 cyclopes
  33 ugly things
  5 fauns (Depths:2)
  A shock serpent zombie (Crypt:3)
  11 elephants
  2 ice statues
  2 stone giant skeletons
  15 vault sentinels
  42 black mambas
  3 guardian serpents
  An eye of devastation (Slime:3)
  Maurice (Orc:1)
  An orange demon (Depths:1)
  16 naga magi
  A frost giant skeleton (Crypt:1)
  5 gargoyles
  A torpor snail (Lair:5)
  14 spiny frogs
  A rime drake (shapeshifter) (Vaults:5)
  A komodo dragon (Lair:4)
  A kobold demonologist (D:13)
  3 rime drakes
  6 freezing wraiths
  A yaktaur (shapeshifter) (Elf:1)
  31 yaktaurs
  3 tengu conjurers
  A minotaur zombie (Crypt:1)
  A yaktaur skeleton (Vaults:3)
  A human skeleton (Vaults:3)
  A red devil (Depths:1)
  A queen bee (shapeshifter) (Vaults:4)
  18 hornets
  6 trolls
  A blink frog (shapeshifter) (Vaults:2)
  3 bog bodies
  A wolf spider simulacrum (Crypt:1)
  2 meliai zombies
  16 blink frogs
  2 tyrant leeches
  51 slime creatures
  5 dream sheep (Lair:6)
  A frost giant simulacrum (Crypt:1)
  12 hippogriffs
  A fire dragon skeleton (Crypt:3)
  14 spriggans
  2 shadows
  12 wraiths
  4 water elementals
  2 flying skulls
  2 black mamba zombies (Crypt:1)
  6 fire elementals
  A tarantella (shapeshifter) (Vaults:2)
  6 vampires (Crypt:3)
  6 air elementals
  3 large abominations (Depths:4)
  A basilisk (Lair:3)
  11 golden eyes
  59 yaks
  5 wyverns
  A human (shapeshifter) (Vaults:4)
  A steam dragon (D:8)
  2 hungry ghosts
  7 chaos spawn
  A human simulacrum (Vaults:2)
  2 acid dragons
  17 vampire mosquitoes
  36 nagas
  5 wargs
  17 swamp worms
  12 porcupines
  9 dancing weapons
  2 hell hounds (Elf:1)
  17 water moccasins
  A floating eye (Depths:4)
  2 black bears
  6 eyes of draining
  5 swamp drakes
  32 orc warriors
  An ice beast (shapeshifter) (Vaults:4)
  5 sky beasts
  An eye of draining (shapeshifter) (Vaults:3)
  4 phantoms
  8 ice beasts
  A necrophage (Crypt:2)
  2 snapping turtle zombies
  A fire dragon simulacrum (Crypt:1)
  28 ogres
  16 centaurs
  5 wolves (Lair:3)
  19 boggarts
  17 crocodiles
  A dream sheep skeleton (Crypt:2)
  2 elf simulacra
  5 big kobolds
  23 bullfrogs
  An earth elemental (Elf:3)
  2 wyvern skeletons (D:14)
  A water moccasin skeleton (D:10)
  2 scorpions
  18 killer bees
  5 wights
  A yak skeleton (Crypt:1)
  6 electric eels
  8 howler monkeys
  2 centaur zombies
  20 jellies
  6 crimson imps
  A human zombie (Crypt:3)
  2 quasits (D:11)
  3 hounds
  2 centaur skeletons
  18 orc priests
  28 orc wizards
  A bullfrog skeleton (D:13)
  5 iguanas
  Natasha (D:2)
  9 worker ants
  A killer bee zombie (D:10)
  4 small abominations (Depths:4)
  An acid dragon skeleton (Crypt:1)
  A hound skeleton (D:6)
  A mummy (Zig:4)
  A howler monkey zombie (D:11)
  2 worker ant zombies
  10 gnolls
  A howler monkey skeleton (D:4)
  15 adders
  4 shadow imps
  12 white imps (Lair:4)
  An ufetubus (Vaults:2)
  17 oozes
  2 adder zombies
  2 adder skeletons
  16 worms
  3 dart slugs
  8 leopard geckos
  105 orcs
  8 giant cockroaches
  19 goblins
  9 hobgoblins
  5 jackals
  6 quokkas
  A ball python (Snake:3)
  7 bats
  6 frilled lizards
  A jackal zombie (D:7)
  53 kobolds
  A quokka skeleton (D:3)
  5 rats
  2 fungi (Lair:6)
  A plant (Lair:4)
2048 creatures vanquished.

Vanquished Creatures (collateral kills)
  Mennas (Depths:4)
  3 golden dragons
  A tentacled monstrosity (Vaults:5)
  An acid blob (Slime:1)
  A titan (Vaults:5)
  A quicksilver dragon (Vaults:5)
  A deep elf sorcerer (Elf:3)
  4 vault wardens
  An iron dragon (Vaults:5)
  6 ironheart preservers
  A stone giant (Vaults:5)
  A vampire knight (Depths:1)
  2 deep elf demonologists
  11 ettins
  An ice dragon (Vaults:4)
  A deep elf high priest (Elf:3)
  A great orb of eyes (Depths:3)
  A naga warrior (Snake:2)
  5 vault guards
  19 two-headed ogres
  A centaur warrior (Vaults:4)
  A spriggan air mage (Depths:4)
  5 ogre magi
  A tengu warrior (Depths:3)
  Urug (D:13)
  A naga sharpshooter (Zig:3)
  A deep elf knight (Vaults:4)
  3 hell knights (Depths:5)
  A deep troll (Depths:4)
  2 naga ritualists
  A deep elf archer (Vaults:5)
  7 ironbrand convokers
  3 orc knights
  A deep elf mage (Vaults:5)
  A salamander (Snake:2)
  3 naga magi
  9 vault sentinels
  3 yaktaurs
  2 tengu conjurers
  A hornet (Vaults:3)
  2 slime creatures
  An air elemental (Depths:4)
  A spriggan (Depths:3)
  A hog (shapeshifter) (Depths:5)
  2 wargs (Vaults:4)
  9 nagas
  3 orc warriors (Vaults:1)
  6 ogres
  A boggart (Depths:3)
  A glowing shapeshifter simulacrum (Vaults:2)
  An orc wizard (Vaults:4)
  3 orcs (Vaults:4)
142 creatures vanquished.

Vanquished Creatures (others)
  An ancient lich (Vaults:5)
  A deep elf sorcerer (Elf:3)
  A two-headed ogre (Vaults:5)
  2 centaur warriors
  A naga sharpshooter (Snake:2)
  A deep elf archer (Vaults:2)
  A cyclops (Depths:2)
  2 deep elf magi
  A naga mage (Snake:1)
  5 yaktaurs
  A naga (Snake:4)
  69 dancing weapons
  A hornet zombie (D:15)
  A centaur (Depths:2)
  A wolf (Lair:3)
  An orc priest (Orc:2)
  An orc wizard (Orc:1)
  An adder (Snake:3)
  3 bushes
  3 fulminant prisms
  13 fungi
  6 plants
117 creatures vanquished.

Grand Total: 2307 creatures vanquished

Notes
Turn   | Place    | Note
-------+----------+-------------------------------------------
     0 | D:1      | Chiseanne the Spriggan Wanderer began the quest for the Orb.
     0 | D:1      | Chiseanne set off with: a +2 shortbow, 21 arrows, the Volume of Sinister Magic, a +0 robe, a +0 dagger, a bread ration
     0 | D:1      | Reached XP level 1. HP: 10/10 MP: 5/5
     4 | D:1      | Identified the Volume of Sinister Magic
    77 | D:1      | Reached skill level 1 in Dodging
    77 | D:1      | Reached XP level 2. HP: 13/14 MP: 6/6
   404 | D:1      | Reached XP level 3. HP: 18/18 MP: 8/8
   828 | D:2      | Reached skill level 5 in Stealth
   834 | D:2      | Reached XP level 4. HP: 22/22 MP: 10/10
  1363 | D:2      | Found a faded altar of an unknown god.
  1398 | D:2      | Noticed Natasha
  1402 | D:2      | Killed Natasha
  1402 | D:2      | Reached XP level 5. HP: 22/25 MP: 12/12
  2069 | D:3      | Found a radiant altar of Vehumet.
  2070 | D:3      | Found a burning altar of Makhleb.
  2127 | D:3      | Learned a level 3 spell: Regeneration
  2300 | D:3      | Reached XP level 6. HP: 30/30 MP: 14/14
  2435 | D:3      | Reached skill level 5 in Spellcasting
  2632 | D:3      | Found a sparkling altar of Nemelex Xobeh.
  3054 | D:4      | Found a staircase to the Ecumenical Temple.
  3084 | Temple   | Entered the Ecumenical Temple
  3197 | Temple   | Became a worshipper of Gozag Ym Sagoz the Greedy
  3372 | D:4      | Found a basalt altar of Yredelemnul.
  3433 | D:4      | Found a white marble altar of Elyvilon.
  3593 | D:4      | Found Amaori's Book Emporium.
  3752 | D:5      | Entered Level 5 of the Dungeon
  3764 | D:5      | Reached skill level 5 in Dodging
  3778 | D:4      | Reached XP level 7. HP: 18/33 MP: 16/16
  4367 | D:5      | You fall through a shaft!
  4433 | D:6      | Reached skill level 1 in Short Blades
  4453 | D:6      | Noticed Raykoid666's ghost (novice DsWn)
  5534 | D:6      | Found a stormy altar of Qazlal.
  5938 | D:5      | Noticed Promi's ghost (amateur GnWn)
  6123 | D:5      | Found an ornate altar of the Wu Jian Council.
  6170 | D:5      | Reached XP level 8. HP: 37/37 MP: 17/19
  7374 | D:6      | Found Vewotimi's Armour Shoppe.
  7386 | D:6      | Bought a +2 cloak for 247 gold pieces
  7671 | D:6      | Noticed an oklob plant
  8531 | D:6      | Found a hide-covered altar of Uskayaw.
  8908 | D:6      | Reached skill level 10 in Stealth
  9381 | D:7      | Reached XP level 9. HP: 31/41 MP: 17/22
 10062 | D:8      | Found a flagged portal.
 10085 | D:8      | Found Fycazoty's Gadget Boutique.
 10135 | Bailey   | Entered a bailey
 10147 | Bailey   | Noticed an orc warlord
 10281 | Bailey   | Reached skill level 5 in Short Blades
 10290 | Bailey   | Reached skill level 1 in Throwing
 10425 | Bailey   | Found a runed gate.
 10426 | Bailey   | Found a runed gate.
 10428 | Bailey   | Found a runed gate.
 10435 | Bailey   | Noticed an orc knight
 10580 | Bailey   | Killed an orc knight
 10945 | Bailey   | Killed an orc warlord
 10945 | Bailey   | Reached skill level 10 in Dodging
 10945 | Bailey   | Reached XP level 10. HP: 30/45 MP: 16/23
 11055 | Bailey   | Identified a scroll of acquirement
 11074 | Bailey   | Reached skill level 10 in Throwing
 11074 | Bailey   | Reached XP level 11. HP: 49/49 MP: 24/24
 11113 | Bailey   | Gained mutation: Your spells are a little harder to cast, but a little more powerful. [potion of mutation]
 11113 | Bailey   | Gained mutation: You are somewhat resistant to further mutation. [potion of mutation]
 11369 | D:8      | Bought the +10 spear of Nipet {freeze, rF+} for 1041 gold pieces
 11477 | D:8      | Noticed a two-headed ogre
 11488 | D:8      | Killed a two-headed ogre
 11488 | D:8      | Reached skill level 1 in Polearms
 12201 | D:9      | Noticed Erolcha
 12454 | D:9      | Noticed a two-headed ogre
 12466 | D:9      | Killed a two-headed ogre
 12478 | D:9      | Learned a level 1 spell: Sting
 12481 | D:9      | Learned a level 2 spell: Poisonous Vapours
 12485 | D:9      | Learned a level 3 spell: Mephitic Cloud
 12489 | D:9      | Learned a level 3 spell: Confuse
 12493 | D:9      | Learned a level 3 spell: Dazzling Spray
 12497 | D:9      | Learned a level 3 spell: Tukima's Dance
 12563 | D:9      | Found a snail-covered altar of Cheibriados.
 12563 | D:9      | Found an ancient bone altar of Kikubaaqudgha.
 12887 | D:9      | Found a staircase to the Lair.
 12901 | D:9      | Killed Erolcha
 12905 | D:9      | Reached skill level 1 in Conjurations
 13140 | D:9      | Found a shadowy altar of Dithmenos.
 13179 | D:10     | Entered Level 10 of the Dungeon
 13276 | D:10     | Got a smoking whip
 13277 | D:10     | Identified the +7 whip "Raorit" {elec, rElec rPois Str+4 Int-5} (You found it on level 10 of the Dungeon)
 13306 | D:10     | Found a staircase to the Orcish Mines.
 13352 | D:10     | Noticed a two-headed ogre
 13512 | D:10     | Killed a two-headed ogre
 14567 | D:10     | Bought a scroll labeled UTAONK VOOCHO for 33 gold pieces
 14567 | D:10     | Bought a potion of heal wounds for 165 gold pieces
 14567 | D:10     | Bought a ripped robe for 188 gold pieces
 14590 | D:10     | Identified the +1 robe of Thoughtfulness {Str+4} (You bought it in a shop on level 10 of the Dungeon)
 14616 | D:11     | Reached XP level 12. HP: 46/53 MP: 21/25
 14667 | D:11     | Found a portal to a secret trove of treasure.
 15136 | D:11     | Noticed Snorg
 15159 | D:11     | Noticed Tabu's ghost (journeyman DEWz)
 15175 | D:11     | Noticed a centaur warrior
 15780 | D:11     | Killed Snorg
 15940 | D:11     | Killed Tabu's ghost
 16258 | D:11     | Killed a centaur warrior
 16258 | D:11     | Reached skill level 5 in Poison Magic
 16772 | D:12     | Reached skill level 1 in Armour
 16942 | D:12     | Noticed Harold
 16987 | D:12     | Killed Harold
 17224 | D:12     | Learned a level 1 spell: Apportation
 17420 | D:12     | Noticed Nessos
 17447 | D:12     | Killed Nessos
 17638 | D:12     | Noticed a two-headed ogre
 17652 | D:12     | Killed a two-headed ogre
 17919 | D:10     | Bought an ancient ivory ring for 165 gold pieces
 17919 | D:10     | Identified the ring "Faemmoj" {rC+ EV+5 Str+8 Int-3} (You bought it in a shop on level 10 of the Dungeon)
 17943 | D:10     | Bought a notched diamond ring for 165 gold pieces
 18014 | D:13     | Noticed Sonja
 18026 | D:13     | Noticed a centaur warrior
 18034 | D:13     | Killed a centaur warrior
 18196 | D:13     | Noticed a five-headed hydra
 18212 | D:13     | Noticed a six-headed hydra
 18225 | D:13     | Killed Sonja
 18435 | D:13     | Reached skill level 5 in Armour
 18435 | D:13     | Reached XP level 13. HP: 54/56 MP: 25/27
 18461 | D:13     | Noticed Urug
 18559 | D:13     | Killed Urug
 19936 | D:14     | Found a gate to the Vaults.
 20671 | D:14     | Noticed Josephine
 21032 | D:14     | Killed Josephine
 21829 | D:14     | Found a sparkling altar of Nemelex Xobeh.
 22008 | D:14     | Got a bloodstained rapier {speed}
 22014 | D:14     | Identified the +4 rapier "Toanlua" {speed, rElec rPois} (You found it on level 14 of the Dungeon)
 22291 | D:14     | Found an opulent altar of Gozag.
 22590 | D:14     | Reached XP level 14. HP: 43/61 MP: 15/28
 22994 | D:15     | Entered Level 15 of the Dungeon
 23009 | D:15     | Reached skill level 10 in Armour
 23051 | D:15     | Noticed Agnes
 23082 | D:15     | Found a flickering gateway to a bazaar.
 23088 | Bazaar   | Entered a bazaar
 23092 | Bazaar   | Found Vaeck's Jewellery Boutique.
 23110 | Bazaar   | Found Vitofilo's Antique Armour Emporium.
 23127 | Bazaar   | Found Jejuywi's Book Boutique.
 23144 | Bazaar   | Found Eddusum's Assorted Antiques.
 23149 | Bazaar   | Bought a scroll of identify for 38 gold pieces
 23149 | Bazaar   | Bought a scroll of magic mapping for 66 gold pieces
 23149 | Bazaar   | Bought a potion of heal wounds for 95 gold pieces
 23149 | Bazaar   | Bought a potion of heal wounds for 95 gold pieces
 23182 | Bazaar   | Bought a fine buckler for 133 gold pieces
 23182 | Bazaar   | Bought an embroidered hat for 98 gold pieces
 23185 | Bazaar   | Identified the cursed -1 buckler of Zaefuiv {*Drain Regen+ SInv} (You bought it in a shop in a bazaar)
 23264 | Bazaar   | Bought a scroll of amnesia for 66 gold pieces
 23382 | D:14     | Reached skill level 1 in Hexes
 23511 | D:14     | Bought a shiny buckler for 232 gold pieces
 23599 | D:15     | Reached skill level 10 in Spellcasting
 23693 | D:15     | Killed Agnes
 23919 | D:15     | Reached skill level 1 in Shields
 24241 | D:15     | Found a staircase to the Depths.
 24848 | Orc:1    | Entered Level 1 of the Orcish Mines
 24988 | Orc:1    | Noticed Nergalle
 24992 | Orc:1    | Noticed Maurice
 25175 | Orc:1    | Killed Nergalle
 25329 | Orc:1    | Found Fonaiwikk's General Store.
 25342 | Orc:1    | Bought a scroll of identify for 32 gold pieces
 25342 | Orc:1    | Bought a scroll of immolation for 56 gold pieces
 25472 | Orc:1    | Killed Maurice
 25753 | Orc:2    | Entered Level 2 of the Orcish Mines
 25817 | Orc:2    | Noticed Musica's ghost (journeyman MiFi)
 26706 | Orc:2    | Noticed Chiseanne's ghost (journeyman SpWn)
 27248 | Orc:2    | Found a staircase to the Elven Halls.
 27981 | Orc:2    | Killed Musica's ghost
 28666 | Orc:2    | Found Lalygh's Antique Armour Emporium.
 28666 | Orc:2    | Found Fygu's Antique Weapon Shop.
 28688 | Orc:2    | Found Meloekk's Food Shop.
 28688 | Orc:2    | Found Ethropn's General Store.
 28697 | Orc:2    | Bought a scroll of immolation for 38 gold pieces
 28697 | Orc:2    | Bought a scroll of identify for 22 gold pieces
 28697 | Orc:2    | Bought a potion of might for 44 gold pieces
 28699 | Orc:2    | Bought a glowing scarf for 240 gold pieces
 28829 | Orc:2    | Bought a royal jelly for 20 gold pieces
 28829 | Orc:2    | Bought 2 fruits for 30 gold pieces
 28829 | Orc:2    | Bought a bread ration for 50 gold pieces
 28829 | Orc:2    | Bought a bread ration for 50 gold pieces
 28829 | Orc:2    | Bought a bread ration for 50 gold pieces
 28829 | Orc:2    | Bought a bread ration for 50 gold pieces
 28835 | Orc:2    | Bought a smoking long sword for 170 gold pieces
 28835 | Orc:2    | Bought an ancient hunting sling for 130 gold pieces
 28836 | Orc:2    | Identified the +6 long sword "Kaun" {flame, *Drain rC- rN+++ Dex+8} (You bought it in a shop on level 2 of the Orcish Mines)
 28839 | Orc:2    | Identified the +6 hunting sling of the Magi {venom, rElec rF+} (You bought it in a shop on level 2 of the Orcish Mines)
 28993 | Lair:1   | Entered Level 1 of the Lair of Beasts
 29492 | Lair:1   | Reached skill level 5 in Hexes
 29670 | Lair:1   | Reached XP level 15. HP: 65/65 MP: 32/32
 30066 | Lair:2   | Found a staircase to the Swamp.
 30663 | Lair:3   | Found a staircase to the Snake Pit.
 31140 | Lair:3   | Got a sapphire rapier
 31706 | Lair:4   | Found a frozen archway.
 31720 | IceCv    | Entered an ice cave
 32353 | Lair:4   | Identified the +7 rapier of Ucecegod {protect, Dex+6} (You found it on level 3 of the Lair of Beasts)
 33551 | Lair:5   | Reached skill level 5 in Shields
 33838 | Lair:5   | Found a blossoming altar of Fedhas.
 34347 | Lair:6   | Entered Level 6 of the Lair of Beasts
 35132 | Lair:6   | Found a staircase to the Slime Pits.
 35292 | Lair:6   | Noticed Rupert
 35302 | Lair:6   | Killed Rupert
 36711 | D:15     | Learned a level 3 spell: Conjure Flame
 36742 | D:15     | Learned a level 2 spell: Ensorcelled Hibernation
 36747 | D:15     | Learned a level 4 spell: Cause Fear
 36761 | D:15     | Bought a potion of invisibility for 120 gold pieces
 36761 | D:15     | Bought a potion of curing for 45 gold pieces
 36761 | D:15     | Bought a potion of haste for 150 gold pieces
 36761 | D:15     | Bought a potion of invisibility for 120 gold pieces
 36761 | D:15     | Bought a potion of resistance for 150 gold pieces
 36761 | D:15     | Bought a potion of heal wounds for 75 gold pieces
 36761 | D:15     | Bought a potion of haste for 150 gold pieces
 36761 | D:15     | Bought a potion of flight for 45 gold pieces
 36761 | D:15     | Bought a potion of heal wounds for 75 gold pieces
 36980 | Snake:1  | Entered Level 1 of the Snake Pit
 37470 | Snake:1  | Reached XP level 16. HP: 69/69 MP: 23/35
 37597 | Snake:1  | Noticed Aizul
 39043 | Snake:1  | Killed Aizul
 39043 | Snake:1  | Reached skill level 1 in Air Magic
 39981 | Snake:1  | Noticed Asterion
 40674 | Snake:2  | Found a blossoming altar of Fedhas.
 41967 | Snake:3  | Reached skill level 15 in Spellcasting
 41967 | Snake:3  | Reached skill level 10 in Hexes
 42460 | Snake:3  | Found a runed gate.
 42460 | Snake:3  | Found a runed gate.
 42460 | Snake:3  | Found a runed gate.
 43556 | Snake:2  | Reached skill level 5 in Air Magic
 44714 | D:15     | Bought a +2 buckler of reflection for 203 gold pieces
 46282 | Snake:4  | Entered Level 4 of the Snake Pit
 46289 | Snake:4  | Found Keapsaz's Distillery.
 46312 | Snake:4  | Found Imucwe's Food Boutique.
 46407 | Snake:4  | Found Ugimna's Jewellery Boutique.
 46778 | Snake:3  | Reached XP level 17. HP: 72/72 MP: 34/37
 47473 | Snake:4  | Found Tod Log's Jewellery Boutique.
 47493 | Snake:4  | Bought a cursed -3 ring of dexterity for 32 gold pieces
 47551 | Snake:4  | Found a flickering gateway to a bazaar.
 47557 | Bazaar   | Entered a bazaar
 47557 | Bazaar   | Found Yzxetuah's Antique Armour Shoppe.
 47557 | Bazaar   | Found Emesopp's General Store.
 47557 | Bazaar   | Found Taosal's Assorted Antiques.
 47558 | Bazaar   | Found Coneof's Antique Armour Shoppe.
 47590 | Bazaar   | Bought a scroll of brand weapon for 200 gold pieces
 47590 | Bazaar   | Bought a scroll of identify for 20 gold pieces
 47590 | Bazaar   | Bought a potion of mutation for 80 gold pieces
 47600 | Bazaar   | Bought a scroll of fog for 62 gold pieces
 47600 | Bazaar   | Bought a potion of agility for 124 gold pieces
 47600 | Bazaar   | Bought a scroll of immolation for 108 gold pieces
 49836 | Snake:4  | Noticed dricus's ghost (adept MfBe)
 50260 | Snake:4  | Bought a cursed +5 amulet of reflection for 725 gold pieces
 50437 | Snake:4  | Got a serpentine rune of Zot
 50755 | Swamp:1  | Entered Level 1 of the Swamp
 51734 | Swamp:3  | Reached skill level 10 in Short Blades
 52477 | Swamp:4  | Entered Level 4 of the Swamp
 52477 | Swamp:4  | Noticed Bai Suzhen
 52904 | Swamp:4  | Got a decaying rune of Zot
 53435 | D:15     | Learned a level 3 spell: Inner Flame
 53465 | D:15     | Bought the +7 fire dragon scales of the Frog {rPois rF++ rC- Stlth+} for 1169 gold pieces
 53572 | D:15     | Upgraded the game from 0.21-a0-263-gf26e180 to 0.21-a0-264-g3e31e41
 53574 | Depths:1 | Entered Level 1 of the Depths
 53616 | Depths:1 | Noticed Louise
 53739 | Depths:1 | Found a one-way gate to the infinite horrors of the Abyss.
 53961 | Depths:1 | Killed Louise
 54094 | Depths:1 | Found a gateway to Hell.
 54788 | Depths:1 | Found a one-way gate leading to the halls of Pandemonium.
 54807 | Depths:1 | Reached skill level 10 in Shields
 55369 | Depths:2 | Reached XP level 18. HP: 83/83 MP: 29/38
 55410 | Depths:2 | Reached skill level 5 in Fighting
 57770 | Depths:2 | Found a runed door.
 58147 | Depths:2 | Got a bound tin ring
 58482 | D:15     | Bought a cursed ring of loudness for 67 gold pieces
 58904 | Depths:2 | Got an iridescent hunting sling
 59040 | Depths:2 | Identified the +2 hunting sling of the Postmodern Stars {venom, rF+ Dex+4} (You took it off a spriggan rider on level 2 of the Depths)
 59042 | Depths:2 | Identified the ring of New Discoveries {*Slow rN+ Int+3 Dex+4} (You took it off a centaur warrior on level 2 of the Depths)
 59687 | Depths:2 | HP: 2/90 [spriggan rider (illusionary)/spear of piercing (5)]
 60131 | Depths:2 | Noticed the Enchantress
 60248 | Depths:2 | Killed the Enchantress
 60292 | Depths:2 | Got faerie dragon scales
 60293 | Depths:2 | Identified the +5 faerie dragon scales {rPois rCorr} (You took it off the Enchantress on level 2 of the Depths)
 60416 | Depths:2 | Found a radiant altar of Vehumet.
 60416 | Depths:2 | Noticed a lich
 60416 | Depths:2 | Noticed an ancient lich
 60427 | Depths:2 | Noticed an Ice Fiend
 60853 | Depths:3 | You fall through a shaft for 2 floors!
 60853 | Depths:5 | Entered Level 5 of the Depths
 60865 | Depths:5 | Found a corrupted altar of Lugonu.
 61506 | Depths:3 | Noticed a lich
 61667 | D:15     | Learned a level 5 spell: Silence
 61874 | Orc:2    | Killed Chiseanne's ghost
 61874 | Orc:2    | Reached XP level 19. HP: 78/95 MP: 12/39
 61981 | Elf:1    | Entered Level 1 of the Elven Halls
 62195 | Elf:1    | Found Fittiet's Antique Weapon Boutique.
 62207 | Elf:1    | Noticed Nikola
 62232 | Elf:1    | Killed Nikola
 62590 | Elf:1    | Found Ujaife Daerch's Gadget Boutique.
 63462 | Elf:1    | Noticed Azrael
 63504 | Elf:1    | Killed Azrael
 63770 | Elf:1    | Found Heequide's Assorted Antiques.
 63815 | Elf:1    | Bought 3 scrolls labeled QEIPLA TUPUTO for 90 gold pieces
 63815 | Elf:1    | Bought a scroll of magic mapping for 105 gold pieces
 63815 | Elf:1    | Bought a potion of berserk rage for 150 gold pieces
 63815 | Elf:1    | Bought a jewelled hunting sling for 195 gold pieces
 63815 | Elf:1    | Bought a scroll of identify for 60 gold pieces
 63815 | Elf:1    | Bought a potion of cancellation for 240 gold pieces
 63815 | Elf:1    | Bought a scroll of amnesia for 105 gold pieces
 63817 | Elf:1    | Identified the cursed +2 hunting sling "Idoabeu" {flame, rElec rC+} (You bought it in a shop on level 1 of the Elven Halls)
 64153 | Elf:1    | Found Feowemy's Armour Shoppe.
 64157 | Elf:1    | Found Ceasm's Antique Weapon Shoppe.
 64163 | Elf:1    | Bought a steaming dagger for 224 gold pieces
 64164 | Elf:1    | Identified the +6 dagger of Wural {flame, rF+ MP+9} (You bought it in a shop on level 1 of the Elven Halls)
 65059 | Elf:2    | Found a runed gate.
 65059 | Elf:2    | Found a runed gate.
 65059 | Elf:2    | Found a runed gate.
 65129 | Elf:2    | Found a gateway to a bazaar.
 65168 | Bazaar   | Entered a bazaar
 65185 | Bazaar   | Found Emnusan's Jewellery Emporium.
 65203 | Bazaar   | Found Joat's Armour Shoppe.
 65269 | Bazaar   | Found Lusatoge's Distillery.
 65305 | Bazaar   | Found Lawogh's Antique Weapon Emporium.
 65359 | Bazaar   | Bought the +3 crown of Dyrovepreva {rElec Int+2 SInv} for 372 gold pieces
 65359 | Bazaar   | Found the +3 crown of Dyrovepreva {rElec Int+2 SInv}
 65424 | Bazaar   | Bought a potion of heal wounds for 95 gold pieces
 65424 | Bazaar   | Bought a potion of curing for 57 gold pieces
 65424 | Bazaar   | Bought a potion of curing for 57 gold pieces
 65570 | Elf:3    | Entered Level 3 of the Elven Halls
 65614 | Elf:3    | Found Jeesm's Book Boutique.
 65976 | Elf:3    | Reached skill level 15 in Hexes
 68496 | Elf:3    | Reached XP level 20. HP: 100/100 MP: 37/40
 68863 | Elf:3    | Identified the ring of the Peculiar Mice {rPois EV+2 Slay+2} (You took it off a deep elf demonologist on level 3 of the Elven Halls)
 68882 | Elf:3    | Identified the +0 robe of Qeofe {rF+} (You took it off a deep elf sorcerer on level 3 of the Elven Halls)
 69490 | Elf:3    | Identified Ygiatao's Disquisition on Lethal Stones
 69956 | D:15     | Learned a level 4 spell: Fulminant Prism
 69961 | D:15     | Learned a level 4 spell: Olgreb's Toxic Radiance
 70082 | Vaults:1 | Entered Level 1 of the Vaults
 70951 | Vaults:1 | Reached skill level 10 in Poison Magic
 71512 | Vaults:1 | Found Remeisuir's Magic Scroll Shop.
 71534 | Vaults:1 | Bought a scroll of immolation for 42 gold pieces
 71534 | Vaults:1 | Bought a scroll of teleportation for 36 gold pieces
 71534 | Vaults:1 | Bought a scroll of recharging for 114 gold pieces
 71534 | Vaults:1 | Bought a scroll of identify for 24 gold pieces
 71534 | Vaults:1 | Bought a scroll of enchant weapon for 90 gold pieces
 72403 | Vaults:2 | Reached skill level 1 in Translocations
 72656 | Vaults:2 | Reached skill level 5 in Charms
 72743 | Vaults:2 | Reached skill level 5 in Translocations
 73335 | Vaults:2 | Found a staircase to the Crypt.
 73539 | Vaults:2 | Found Geun Ci Voo's General Store.
 73547 | Vaults:2 | Bought a scroll of identify for 36 gold pieces
 73547 | Vaults:2 | Bought a scroll of teleportation for 54 gold pieces
 73547 | Vaults:2 | Bought a scroll of magic mapping for 63 gold pieces
 73547 | Vaults:2 | Bought a potion of resistance for 180 gold pieces
 73547 | Vaults:2 | Bought a scroll of magic mapping for 63 gold pieces
 73547 | Vaults:2 | Bought a potion of curing for 54 gold pieces
 73882 | Vaults:3 | Reached XP level 21. HP: 103/103 MP: 41/41
 73911 | Vaults:3 | Reached skill level 1 in Fire Magic
 74241 | Vaults:3 | Found Suiceo's Distillery.
 74249 | Vaults:3 | Bought a potion of curing for 57 gold pieces
 74249 | Vaults:3 | Bought a potion of cancellation for 152 gold pieces
 74249 | Vaults:3 | Bought a potion of mutation for 152 gold pieces
 74249 | Vaults:3 | Bought a potion of berserk rage for 95 gold pieces
 74249 | Vaults:3 | Bought a potion of heal wounds for 95 gold pieces
 74249 | Vaults:3 | Bought a potion of curing for 57 gold pieces
 74249 | Vaults:3 | Bought a potion of resistance for 190 gold pieces
 74249 | Vaults:3 | Bought 2 potions of haste for 380 gold pieces
 74249 | Vaults:3 | Bought a potion of invisibility for 152 gold pieces
 74249 | Vaults:3 | Bought a potion of might for 76 gold pieces
 74720 | Vaults:3 | Reached skill level 5 in Fire Magic
 75341 | Vaults:3 | Reached skill level 1 in Necromancy
 75676 | Vaults:4 | Noticed Boris
 75679 | Vaults:4 | Killed Boris
 76135 | Vaults:4 | Reached skill level 5 in Conjurations
 76778 | Vaults:4 | Reached skill level 5 in Necromancy
 78009 | Vaults:1 | Reached skill level 1 in Evocations
 78166 | Vaults:5 | Entered Level 5 of the Vaults
 78172 | Vaults:5 | Reached skill level 5 in Evocations
 78176 | Vaults:5 | Reached XP level 22. HP: 49/108 MP: 17/42
 78192 | Vaults:5 | Noticed an ancient lich
 78536 | Vaults:5 | Noticed a golden dragon
 78697 | Vaults:5 | Noticed a golden dragon
 78802 | Vaults:5 | Reached skill level 10 in Evocations
 79122 | Vaults:4 | Killed a golden dragon
 79626 | Vaults:5 | Noticed a golden dragon
 79692 | Vaults:5 | Killed a golden dragon
 80988 | Vaults:5 | Identified the +5 dagger of Deehoquh {holy, rElec Str-5 Int+6} (You took it off a deep elf demonologist on level 5 of the Vaults)
 81173 | Vaults:5 | Got an ancient hand crossbow
 81174 | Vaults:5 | Identified the +6 hand crossbow of Jutioroe {freeze, rPois} (You found it on level 5 of the Vaults)
 81176 | Vaults:5 | Identified the Papyrus of Earthen Transformation
 81281 | Vaults:5 | Learned a level 3 spell: Ignite Poison
 81873 | Vaults:5 | Noticed an ancient lich
 81916 | Vaults:5 | Killed an ancient lich
 81927 | Vaults:5 | Reached skill level 10 in Fighting
 82289 | Vaults:5 | Killed a golden dragon
 82429 | Vaults:5 | Got a silver rune of Zot
 82497 | Vaults:5 | Killed an ancient lich
 82497 | Vaults:5 | Reached skill level 15 in Dodging
 82645 | Vaults:5 | Noticed a golden dragon
 82679 | Vaults:5 | Killed a golden dragon
 82679 | Vaults:5 | Reached XP level 23. HP: 78/115 MP: 29/43
 83541 | D:15     | Bought the +7 Spriggan's Knife {MR+ EV+4 Dex+4 Stlth+} for 1086 gold pieces
 83541 | D:15     | Found the +7 Spriggan's Knife {MR+ EV+4 Dex+4 Stlth+}
 84330 | Depths:2 | Killed an ancient lich
 84540 | Depths:3 | Found a viscous altar of Jiyva.
 84626 | Depths:3 | Found a transporter.
 85935 | Depths:4 | Noticed Mennas
 86605 | Depths:4 | Killed Mennas
 88566 | D:15     | Bought the +4 moon troll leather armour {Spirit, Regen++ MP+5} for 599 gold pieces
 88566 | D:15     | Found the +4 moon troll leather armour {Spirit, Regen++ MP+5}
 89629 | Depths:5 | Reached XP level 24. HP: 106/123 MP: 16/43
 90369 | Depths:5 | Found a gate to the Realm of Zot.
 90475 | Depths:5 | Found a gateway to a ziggurat.
 91038 | Zig:1    | Entered Level 1 of a ziggurat
 91057 | Zig:2    | Entered Level 2 of a ziggurat
 91090 | Zig:3    | Entered Level 3 of a ziggurat
 91094 | Zig:3    | Found the +7 sceptre of Torment
 91175 | Zig:4    | Entered Level 4 of a ziggurat
 91218 | Zig:5    | Entered Level 5 of a ziggurat
 91287 | Zig:5    | Found the brooch of Shielding {Reflect SH+8}
 91298 | Zig:5    | Got a heavily runed bone amulet
 91308 | Zig:6    | Entered Level 6 of a ziggurat
 91323 | Zig:6    | Noticed a greater mummy
 91323 | Zig:6    | Noticed a greater mummy
 91347 | Zig:6    | Got a steaming lead ring
 91522 | Depths:5 | Identified the ring of Unai {rPois rF+ rN+ Str+3 Int+4 Slay+3} (You found it on level 6 of a ziggurat)
 91596 | D:15     | Learned a level 8 spell: Controlled Blink
 91598 | D:15     | Identified the amulet of Kikyuluib {Gourm Str+2} (You found it on level 5 of a ziggurat)
 91780 | Crypt:1  | Entered Level 1 of the Crypt
 92334 | Crypt:3  | Entered Level 3 of the Crypt
 93548 | Crypt:3  | Reached skill level 10 in Translocations
 94007 | Crypt:3  | Found a staircase to the Tomb.
 94555 | Crypt:1  | Reached skill level 15 in Stealth
 95090 | Slime:1  | Entered Level 1 of the Pits of Slime
 95112 | Slime:1  | Gained mutation: Your body sometimes deteriorates upon taking damage. [a shining eye]
 95200 | Slime:1  | Gained mutation: You are dopey. (Int -2) [a shining eye]
 95209 | Lair:6   | Gained mutation: Your magical capacity is low. (-10% MP) [a shining eye]
 95292 | Slime:1  | Gained mutation: You are frail. (-10% HP) [a shining eye]
 95490 | Slime:1  | Gained mutation: Your body often deteriorates upon taking damage. [a shining eye]
 96008 | Slime:4  | Noticed Dissolution
 96018 | Slime:5  | Entered Level 5 of the Pits of Slime
 97325 | Slime:3  | Killed Dissolution
 97460 | Slime:4  | Reached skill level 15 in Shields
 97956 | Slime:5  | Found a viscous altar of Jiyva.
 97962 | Slime:5  | Found the +12 mace of Variability {chaos}
 98122 | Slime:5  | Gained mutation: You occasionally shout uncontrollably at your foes. [a shining eye]
 98356 | Slime:5  | Gained mutation: You are very dopey. (Int -4) [a shining eye]
 98490 | Slime:5  | Noticed the Royal Jelly
 98884 | Slime:5  | Killed the Royal Jelly
 98884 | Slime:5  | Reached XP level 25. HP: 79/115 MP: 39/39
 98887 | Slime:5  | Slain by an azure jelly

Vault maps used:
D:1:      dpeg_arrival_tiny_a
D:2:      chequers_ecumenical_altar_grove, first_bread, uniq_natasha
D:3:      grunt_temple_overflow_lords_of_destruction, nemelex_altar_shiori
D:4:      kennysheep_ying_yang, minmay_temple_entry_statues_fountains,
          serial_shops, shop
D:5:      nicolae_overflow_crystal_walls
D:6:      lemuel_slime, lemuel_doored_altar, basic_altar, serial_shops,
          nicolae_shop_statue_plus
D:7:      the_bakery
D:8:      serial_shops, shop, lightli_bailey_entry_fortress
D:9:      gammafunk_temple_overflow_elements, erik_lair_orcish_takeover,
          grunt_dithmenos_shadows, uniq_erolcha
D:10:     orc_0_dummy, kennysheep_generic_room_4
D:11:     enter_trove_2, uniq_snorg
D:12:     uniq_harold, uniq_nessos
D:13:     uniq_urug, uniq_sonja
D:14:     erik_vaults_2, basic_altar,
          nicolae_gozag_cash_rules_everything_around_me, uniq_josephine
D:15:     grunt_enter_depths_hoard, serial_shops, bzr_entry_safe,
          hangedman_abyss_or_decor_stagger, uniq_agnes
Temple:   dshaligram_water_room_temple
Lair:2:   swamp_mist, serial_bayou_shore_b, infiniplex_staircase_pool
Lair:3:   minmay_snake_entry_guardpost_small
Lair:4:   portal_ice_cave_entry_imps, worms_lemuel
Lair:5:   st_stairs_8, tgw_fedhas
Lair:6:   evilmike_catoblepas_cave, minmay_slime_entry_pillars,
          lemuel_fruit_tree, uniq_rupert
Swamp:1:  nicolae_swamp_dense_foliage
Swamp:2:  evilmike_swamp_ruin_house_3, swamp_pool3, hangedman_swamp_wriggling
Swamp:3:  evilmike_swamp_ruin_rubble_2
Swamp:4:  swamp_alternative, uniq_bai_suzhen
Snake:1:  serial_bayou_shore_b, uniq_asterion, uniq_aizul
Snake:2:  lemuel_oklob_altar
Snake:3:  nicolae_snake_horde_hoard
Snake:4:  snake_pit, special_room, serial_shops, freezing_bzr,
          nicolae_shop_statue_plus, nicolae_shop_behind_doors, shop, shop,
          nrook_guardian_serpent_double
Slime:1:  cheibrodos_slime_lost_civilization_5
Slime:3:  cheibrodos_slime_lost_civilization_7
Slime:4:  uniq_dissolution
Orc:1:    serial_shops, shop, guppyfry_library_mini, uniq_maurice, uniq_nergalle
Orc:2:    grunt_orc_tribal_feast
Elf:1:    eino_elf_arrival_customs, serial_shops, shop, nicolae_shop_waterfront,
          nicolae_shop_statue_plus, shop, shop, minivault_28,
          roderic_lattice_octagonal_star, uniq_nikola, uniq_azrael
Elf:2:    serial_shops, statue_bzr
Elf:3:    minmay_elf_hall_x, serial_shops, nicolae_shop_stone
Vaults:1: grunt_vaults_hallway_short, ontoclasm_vaults_idyll,
          nicolae_vaults_windows_and_doors_thing, grunt_vaults_diagonal,
          v_alt_pattern_5, nicolae_vaults_little_squares_2, st_lattice,
          serial_shops, shop
Vaults:2: hangedman_vaults_corner, hangedman_vaults_capsules,
          nicolae_vaults_hallways_thing, ontoclasm_vaults_idyll, serial_ice_h,
          ontoclasm_vaults_hangar, nicolae_vaults_big_ls, v_misc_24,
          hangedman_vaults_nails, v_misc_25, ontoclasm_vaults_eye,
          nicolae_vaults_border_crossing, vaults_room_pools,
          minmay_crypt_entry_simple_statues, serial_shops, shop
Vaults:3: vaults_room_stairs_pillars, vaults_room_fancy_cross,
          hangedman_vaults_stitches, nicolae_vaults_network_quinsquares,
          ontoclasm_vaults_ring_small, hangedman_vaults_nails, st_squares,
          hangedman_vaults_pinch, vaults_room_corners, vaults_mumra_lcd,
          v_misc_3, vaults_mumra_chevron, vaults_room_door_ring, serial_shops,
          shop
Vaults:4: nicolae_vaults_alarming, dpeg_vaults_monster_box,
          hangedman_vaults_trim, nicolae_vaults_murderbox, v_misc_27,
          hangedman_vaults_variations, hangedman_vaults_nails, vaults_room_pool,
          ontoclasm_vaults_claustrophobia, vaults_dpeg_encased_lava, uniq_boris
Crypt:2:  minivault_11
Crypt:3:  quadcrypt_mu
Depths:1: rand_demon_pan_entry_9, hell_entry, minmay_misc_feat_room,
          nicolae_abyss_entry_one_way_or_another, patterned_corridor,
          grunt_megastairs_4
Depths:2: grunt_forest_end_chambers, pan_entry, hell_entry,
          grunt_absolute_annihilation, infiniplex_staircase_zigzag_2
Depths:3: gammafunk_jiyva_shrine, hex_medium, pan_entry, lightli_too_deep,
          minmay_acid_items, infiniplex_staircase_pool_2
Depths:4: hourglass_vault, hell_entry, minmay_room_of_horrors,
          minmay_fountain_box, uniq_mennas
Depths:5: evilmike_zot_entry_argh, enter_ziggurat_c, hangedman_decor_slide_cut,
          pan_entry, hangedman_geh_valley, abyss_entry_flame_altar,
          eino_small_chamber_without_monster
Zig:6:    ziggurat_pillar_centre_smoke
Bazaar:   bazaar_jpeg_circle_common, bazaar_jpeg_triangle_bulge,
          bazaar_jpeg_ninerooms_3
Bailey:   bailey_axe_bossmonster_kennysheep, bailey
IceCv:    ice_cave_statue_garden_chambered

Skill      XL: |  1  2  3  4  5  6  7  8  9 10 11 12 13 14 15 16 17 18 19 20 21 22 23 24 |
---------------+-------------------------------------------------------------------------+-----
Dodging        | 1 2 3 5 6 8 10 12 15 17 | 17.7
Stealth        | 4 5 6 7 8 10 12 13 14 18 | 18.0
Spellcasting   | 3 4 5 6 8 9 12 14 15 16 | 16.1
Short Blades   | 2 4 6 7 10 | 10.3
Throwing       | 3 10 | 10.8
Polearms       | 3 4 |  4.0
Conjurations   | 2 3 4 6 |  6.4
Poison Magic   | 3 5 13 | 13.1
Armour         | 5 9 10 11 12 | 12.9
Hexes          | 5 7 10 17 18 | 18.1
Shields        | 4 6 7 10 12 13 15 | 15.2
Air Magic      | 5 |  5.0
Charms         | 2 8 |  8.8
Fighting       | 4 8 10 11 12 | 12.0
Translocations | 8 10 | 10.1
Fire Magic     | 6 |  6.0
Necromancy     | 6 |  6.0
Evocations     | 7 10 | 10.0
Bows           | |  2.4

Action                   |  1- 3 |  4- 6 |  7- 9 | 10-12 | 13-15 | 16-18 | 19-21 | 22-24 | 25-27 || total
-------------------------+-------+-------+-------+-------+-------+-------+-------+-------+-------++-------
Melee: Short sword       |       |     8 |   434 |    29 |       |       |       |       |       ||   471
       Spear             |       |       |       |   662 |  1049 |       |       |       |       ||  1711
       Whip              |       |       |       |    39 |   103 |    34 |       |       |       ||   176
       Dagger            |       |       |       |    20 |       |       |       |   204 |       ||   224
       Rapier            |       |       |       |       |   774 |  1632 |  1565 |  1758 |       ||  5729
       Knife             |       |       |       |       |       |       |       |    11 |       ||    11
 Fire: Shortbow          |    87 |   224 |    50 |       |       |       |       |       |       ||   361
       Blowgun           |       |       |   139 |    10 |    32 |       |       |       |       ||   181
       Hunting sling     |       |       |       |       |       |    19 |       |       |       ||    19
Throw: Stone             |       |       |    27 |       |       |       |       |       |       ||    27
       Tomahawk          |       |       |       |    62 |   163 |   264 |    15 |   272 |       ||   776
       Throwing net      |       |       |       |     4 |     6 |       |       |       |       ||    10
 Cast: Regeneration      |       |       |     3 |     1 |       |       |       |     4 |       ||     8
       Poisonous Vapours |       |       |       |     7 |    27 |       |       |       |       ||    34
       Confuse           |       |       |       |    12 |    45 |   506 |   206 |   349 |       ||  1118
       Mephitic Cloud    |       |       |       |     7 |    87 |    37 |   200 |   106 |       ||   437
       Dazzling Spray    |       |       |       |     2 |     5 |    98 |    14 |    17 |       ||   136
       Tukima's Dance    |       |       |       |       |    17 |   194 |   130 |   155 |       ||   496
       Sting             |       |       |       |       |    25 |    33 |    23 |     6 |       ||    87
       Apportation       |       |       |       |       |    10 |    35 |     6 |    27 |       ||    78
       Cause Fear        |       |       |       |       |       |    11 |       |     1 |       ||    12
       Conjure Flame     |       |       |       |       |       |     1 |       |       |       ||     1
       Olgreb's Toxic Ra |       |       |       |       |       |       |    29 |     9 |       ||    38
       Silence           |       |       |       |       |       |       |     2 |       |       ||     2
       Ignite Poison     |       |       |       |       |       |       |       |    11 |       ||    11
       Fulminant Prism   |       |       |       |       |       |       |       |     3 |       ||     3
Invok: Call Merchant     |       |       |       |     2 |     3 |     2 |     1 |     4 |       ||    12
Evoke: Wand              |       |       |    24 |    11 |    19 |    19 |     2 |    24 |       ||    99
       Phial of floods   |       |       |       |     1 |     4 |     4 |     1 |     6 |       ||    16
       Lightning rod     |       |       |       |       |       |    10 |     6 |    38 |       ||    54
       Box of beasts     |       |       |       |       |       |     1 |       |     1 |       ||     2
       Phantom mirror    |       |       |       |       |       |     1 |       |       |       ||     1
       Lamp of fire      |       |       |       |       |       |       |     1 |     8 |       ||     9
       Sack of spiders   |       |       |       |       |       |       |       |    15 |       ||    15
  Use: Scroll            |     1 |     7 |    15 |    12 |    24 |    30 |    14 |    26 |       ||   129
       Potion            |       |       |     4 |     8 |    13 |    24 |     9 |     8 |       ||    66
 Stab: Sleeping          |       |       |     6 |    27 |    22 |    12 |    37 |    19 |       ||   123
       Confused          |       |       |     4 |     7 |    89 |   249 |   248 |   241 |       ||   838
       Distracted        |       |       |     6 |    12 |    18 |    24 |    11 |    35 |       ||   106
       Invisible         |       |       |     3 |       |     2 |    27 |     4 |     2 |       ||    38
       Held in net/web   |       |       |       |     4 |     4 |       |       |       |       ||     8
  Eat: Fruit             |       |       |     4 |       |     2 |    18 |     3 |     5 |       ||    32
       Royal jelly       |       |       |     3 |     2 |     6 |     1 |     3 |     4 |       ||    19
       Bread ration      |       |       |       |     1 |     3 |     1 |     1 |     2 |       ||     8
Armor: Robe              |       |     5 |    23 |    35 |    19 |       |       |       |       ||    82
       Pearl dragon scal |       |       |       |       |   226 |   176 |   154 |   132 |       ||   688
       Troll leather arm |       |       |       |       |       |       |       |    31 |       ||    31
       Acid dragon scale |       |       |       |       |       |       |       |    56 |     4 ||    60
Dodge: Dodged            |     8 |    85 |   416 |   788 |  1734 |  1043 |   824 |  1409 |    34 ||  6341
Block: Buckler           |       |       |       |       |   540 |   718 |   649 |  1230 |    13 ||  3150
       Reflection        |       |       |       |       |       |    62 |    52 |    56 |       ||   170

Table legend:
 A = Spawn XP
 B = Non-spawn XP
 C = Spawn XP percentage of total XP
 D = Spawn monster count
 E = Non-spawn monster count
 F = Spawn count percentage of total count
 G = Total turns spent on level
                    A         B        C        D         E        F      G
               +---------+---------+-------+---------+---------+-------+---------
         Total |       0 | 1150336 |   0.0 |       0 |    2210 |   0.0 | 98887
               +---------+---------+-------+---------+---------+-------+---------
           D:1 |       0 |      53 |   0.0 |       0 |      25 |   0.0 |   682
           D:2 |       0 |     164 |   0.0 |       0 |      28 |   0.0 |   916
           D:3 |       0 |     202 |   0.0 |       0 |      35 |   0.0 |  1391
           D:4 |       0 |     415 |   0.0 |       0 |      18 |   0.0 |  1183
           D:5 |       0 |     286 |   0.0 |       0 |      10 |   0.0 |   881
           D:6 |       0 |    1246 |   0.0 |       0 |      42 |   0.0 |  3844
           D:7 |       0 |     602 |   0.0 |       0 |      15 |   0.0 |  1031
           D:8 |       0 |    2720 |   0.0 |       0 |      41 |   0.0 |  1242
           D:9 |       0 |    4680 |   0.0 |       0 |      35 |   0.0 |  1149
          D:10 |       0 |    3222 |   0.0 |       0 |      37 |   0.0 |  1770
          D:11 |       0 |    9168 |   0.0 |       0 |      49 |   0.0 |  2370
          D:12 |       0 |    5444 |   0.0 |       0 |      31 |   0.0 |  1441
          D:13 |       0 |   15292 |   0.0 |       0 |      47 |   0.0 |  3163
          D:14 |       0 |   17849 |   0.0 |       0 |      53 |   0.0 |  2654
          D:15 |       0 |   12652 |   0.0 |       0 |      28 |   0.0 |  2794
        Lair:1 |       0 |    5573 |   0.0 |       0 |      29 |   0.0 |  1115
        Lair:2 |       0 |    2529 |   0.0 |       0 |      14 |   0.0 |   925
        Lair:3 |       0 |    3987 |   0.0 |       0 |      23 |   0.0 |  2224
        Lair:4 |       0 |    7548 |   0.0 |       0 |      49 |   0.0 |  1441
        Lair:5 |       0 |    4862 |   0.0 |       0 |      20 |   0.0 |  1733
        Lair:6 |       0 |   26497 |   0.0 |       0 |      65 |   0.0 |  1803
       Swamp:1 |       0 |    1863 |   0.0 |       0 |       7 |   0.0 |   294
       Swamp:2 |       0 |    4871 |   0.0 |       0 |      19 |   0.0 |   712
       Swamp:3 |       0 |   11302 |   0.0 |       0 |      28 |   0.0 |   977
       Swamp:4 |       0 |    5254 |   0.0 |       0 |      12 |   0.0 |   425
       Snake:1 |       0 |   23329 |   0.0 |       0 |      43 |   0.0 |  2731
       Snake:2 |       0 |   26037 |   0.0 |       0 |      47 |   0.0 |  3833
       Snake:3 |       0 |   24131 |   0.0 |       0 |      55 |   0.0 |  3086
       Snake:4 |       0 |   23183 |   0.0 |       0 |      52 |   0.0 |  1871
       Slime:1 |       0 |   12055 |   0.0 |       0 |      14 |   0.0 |   407
       Slime:2 |       0 |    3029 |   0.0 |       0 |       9 |   0.0 |   455
       Slime:3 |       0 |   28720 |   0.0 |       0 |      26 |   0.0 |  1174
       Slime:4 |       0 |    7048 |   0.0 |       0 |      11 |   0.0 |   753
       Slime:5 |       0 |   37384 |   0.0 |       0 |      28 |   0.0 |   841
         Orc:1 |       0 |    6486 |   0.0 |       0 |      47 |   0.0 |  1978
         Orc:2 |       0 |   10779 |   0.0 |       0 |      47 |   0.0 |  2179
         Elf:1 |       0 |   33941 |   0.0 |       0 |      51 |   0.0 |  2366
         Elf:2 |       0 |   17943 |   0.0 |       0 |      24 |   0.0 |  1681
         Elf:3 |       0 |   60015 |   0.0 |       0 |      65 |   0.0 |  3484
      Vaults:1 |       0 |   40012 |   0.0 |       0 |      79 |   0.0 |  2518
      Vaults:2 |       0 |   50626 |   0.0 |       0 |      87 |   0.0 |  1654
      Vaults:3 |       0 |   47767 |   0.0 |       0 |      77 |   0.0 |  2155
      Vaults:4 |       0 |   71591 |   0.0 |       0 |     107 |   0.0 |  3336
      Vaults:5 |       0 |  146194 |   0.0 |       0 |     126 |   0.0 |  3893
       Crypt:1 |       0 |   12755 |   0.0 |       0 |      28 |   0.0 |  1036
       Crypt:2 |       0 |    3650 |   0.0 |       0 |       6 |   0.0 |   263
       Crypt:3 |       0 |   28454 |   0.0 |       0 |      43 |   0.0 |  1277
      Depths:1 |       0 |   16222 |   0.0 |       0 |      17 |   0.0 |  1781
      Depths:2 |       0 |   84411 |   0.0 |       0 |     110 |   0.0 |  6072
      Depths:3 |       0 |   55548 |   0.0 |       0 |      75 |   0.0 |  2282
      Depths:4 |       0 |   68749 |   0.0 |       0 |      73 |   0.0 |  3313
      Depths:5 |       0 |   50916 |   0.0 |       0 |      56 |   0.0 |  1977
         Zig:1 |       0 |    1480 |   0.0 |       0 |       1 |   0.0 |    19
         Zig:2 |       0 |     983 |   0.0 |       0 |       2 |   0.0 |    33
         Zig:3 |       0 |    2420 |   0.0 |       0 |       5 |   0.0 |    85
         Zig:4 |       0 |    1123 |   0.0 |       0 |       2 |   0.0 |    43
         Zig:6 |       0 |     217 |   0.0 |       0 |       1 |   0.0 |    45
        Bailey |       0 |    2500 |   0.0 |       0 |      27 |   0.0 |  1023
         IceCv |       0 |    2357 |   0.0 |       0 |       9 |   0.0 |   320
               +---------+---------+-------+---------+---------+-------+---------
